 Dungeon Crawl Stone Soup version 0.28-a0-1235-g7c8fac35f0 (webtiles) character file.

Game seed: 9532970240038692881

27 frimble the Grasshopper (level 2, 0/33 HPs)
             Began as a Demonspawn Warper on Dec 25, 2021.
             Killed from afar by an orc wizard (7 damage)
             ... with a magic dart
             ... on level 4 of the Dungeon.
             The game lasted 00:01:52 (2202 turns).

frimble the Grasshopper (Demonspawn Warper)         Turns: 2202, Time: 00:01:52

Health: 0/33       AC: 21    Str: 11    XL:     2   Next: 93%
Magic:  5/5        EV:  2    Int: 14    God:
Gold:   58         SH:  0    Dex: 12    Spells: 5/5 levels left

rFire   . . .      SeeInvis .   a - +0 falchion
rCold   . . .      Faith    .   (no shield)
rNeg    . . .      Spirit   .   (armour currently unavailable)
rPois   +          Reflect  .   (helmet currently unavailable)
rElec   .          Harm     .   (cloak currently unavailable)
rCorr   .          Rampage  .   (gloves currently unavailable)
Will    .....      NoTele   +   (boots currently unavailable)
Stlth   +.........              (no amulet)
HPRegen 0.11/turn               (no ring)
MPRegen 0.09/turn               (no ring)

@: confused, lethally poisoned (0 -> -11), tree-form
A: stationary, stasis, torment immunity, boosted hp, (claws 1)
a: no special abilities


You were on level 4 of the Dungeon.
You were a tree.
You visited 1 branch of the dungeon, and saw 3 of its levels.

You collected 58 gold pieces.

Inventory:

Hand Weapons
 a - a +0 falchion (weapon)
Missiles
 d - 5 boomerangs of dispersal
 f - 2 poisoned darts (quivered)
Armour
 b - a +0 leather armour (melded)
Scrolls
 c - a scroll of blinking
Potions
 e - a potion of ambrosia


   Skills:
 - Level 2.0 Fighting
 - Level 2.1 Long Blades
 + Level 1.1 Throwing
 - Level 0.8 Armour
 + Level 2.4 Dodging
 + Level 0.8 Unarmed Combat
 - Level 2.0 Spellcasting
 - Level 2.6 Translocations


You had 5 spell levels left.
You didn't know any spells.
Your spell library contained the following spells:

 Spells                   Type           Power      Damage    Failure   Level
 Blink                    Tloc           16%        N/A       12%         2
 Pain                     Necr           4%         1d4       24%         1
 Gell's Gravitas          Tloc           8%         N/A       24%         3
 Lesser Beckoning         Tloc           8%         N/A       24%         3
 Teleport Other           Tloc           8%         N/A       24%         3
 Manifold Assault         Tloc           8%         N/A       91%         5


Dungeon Overview and Level Annotations

Branches:
Dungeon (2/15)

Altars:


Innate Abilities, Weirdness & Mutations

You are a tree.
Your roots penetrate the ground, keeping you stationary.
You cannot be teleported.
You are immune to unholy pain and torment.
Your maximum health is greatly increased.
Your equipment is partially melded.
((You have sharp fingernails.))


Message History

Press: ? - help, Q - select action, (/) - cycle Shift-Dir - straight line, f/p - orc wizard
Aim: an orc wizard, wielding a +0 dagger of venom and wearing a +0 robe (50% to hit)
You throw a poisoned dart.
The poisoned dart barely misses the orc wizard.
The poisoned dart hits the orc.
The orc is poisoned.
The orc wizard casts a spell at you. The magic dart hits you.
Throw: 5 darts (poison)
Press: ? - help, Q - select action, (/) - cycle Shift-Dir - straight line, f/p - orc wizard
Aim: an orc wizard, wielding a +0 dagger of venom and wearing a +0 robe (50% to hit)
You throw a poisoned dart.
The poisoned dart completely misses the orc wizard.
The poisoned dart hits the orc.
The orc looks even sicker.
The orc is heavily wounded.
The orc wizard hits you with a +0 dagger of venom.
You are poisoned.
Throw: 4 darts (poison)
Press: ? - help, Q - select action, (/) - cycle Shift-Dir - straight line, f/p - orc wizard
Aim: an orc wizard, wielding a +0 dagger of venom and wearing a +0 robe (50% to hit)
You throw a poisoned dart.
The poisoned dart closely misses the orc wizard.
The poisoned dart hits the orc.
The orc is heavily wounded.
You feel very sick.
The orc wizard points at you and mumbles some strange words.
You are confused.
Non-targeted confused throw: 3 darts (poison)
Press: ? - help, Q - select action, (/) - cycle Dir - look around, f - activate You throw a poisoned dart.
You feel sick.
The orc wizard hits you with a +0 dagger of venom.
You are more poisoned.
It was a potion of lignification.
You turn into a tree.
Your +0 leather armour melds into your body.
Your roots penetrate the ground.
* * * LOW HITPOINT WARNING * * *
You feel very sick.
The orc wizard points at you and mumbles some strange words.
The magic dart hits you!
You die...

### #######.# #.oo♣...#
#.#####.### #######)# #....#
#######...o.((####..#.########
#.....#.########....#.#......#
#.....#.### ####.#.#...##.#
+.....'..># #...#.#.#..#.#
#.....#.#.# #.#.#......#.#
#.....#.#.# ...#.....#..#.####


You could see an orc wizard and an orc (very poisoned).

Vanquished Creatures
  A worm (D:2)
  An orc (D:4)
  3 bats (D:1)
  2 endoplasms (D:1)
  2 giant cockroaches (D:2)
  3 hobgoblins
  A quokka (D:1)
  3 ball pythons
  3 goblins (D:1)
  2 kobolds
  A rat (D:1)
22 creatures vanquished.

Vanquished Creatures (others)
  A fungus (D:2)
  3 plants (D:2)
4 creatures vanquished.

Grand Total: 26 creatures vanquished

Notes
Turn   | Place    | Note
-------+----------+-------------------------------------------
     0 | D:1      | frimble the Demonspawn Warper began the quest for the Orb.
     0 | D:1      | Reached XP level 1. HP: 16/16 MP: 3/3
   479 | D:1      | Gained mutation: You have sharp fingernails. [demonic
                  | ancestry]
   479 | D:1      | Reached XP level 2. HP: 22/22 MP: 5/5
  1852 | D:2      | Reached skill level 1 in Throwing
  1940 | D:2      | Found a faded altar of an unknown god.
  2039 | D:2      | Got Plato's Catalogue of Unholy Secrets
  2107 | D:2      | You fall into a shaft and drop 2 floors!
  2202 | D:4      | Killed from afar by an orc wizard

Illustrated notes

Levels and vault maps discovered:
D:1:      psy_arrival_radial02, layout_basic, moated_statue
D:2:      layout_basic, shapermc_ecumenical_altar_rom_forum, dk_noncrumbling_4,
          uniq_natasha
D:4:      layout_basic, mainiacjoe_overflow_paths, minmay_misc_feat_plants

Skill      XL: |  1  2 |
---------------+-------+-----
Long Blades    | 2 |  2.1
Dodging        | 2 |  2.4
Throwing       | 1 |  1.1
Fighting       | |  2.0
Armour         | |  0.8
Unarmed Combat | |  0.8
Spellcasting   | |  2.0
Translocations | |  2.6

Action                   || total
-------------------------++-------
Melee: Falchion          ||    62
Throw: Dart              ||    15
  Use: Scroll            ||     4
       Potion            ||     1
Armor: Leather armour    ||    19
Dodge: Dodged            ||    31

Table legend: (Time is in decaauts)
 A = Elapsed time spent in this place.
 B = Non-inter-level travel time spent in this place.
 C = Inter-level travel time spent in this place.
 D = Time resting spent in this place.
 E = Time spent auto-exploring this place.
 F = Levels seen in this place.
 G = Mean time per level.
                   A        B        C        D        E       F      G
               +--------+--------+--------+--------+--------+-----+--------+
         Total |   2212 |   2125 |     87 |      0 |   1877 |   3 |  737.3 |
       Dungeon |   2212 |   2125 |     87 |      0 |   1877 |   3 |  737.3 |
               +--------+--------+--------+--------+--------+-----+--------+

Top non-repeatable levels by time:
     D:1: 1681 daAuts
     D:2: 437 daAuts
     D:4: 94 daAuts
